 Dungeon Crawl Stone Soup version 0.24.1-5-g77f818bfca (webtiles) character file.

Game seed: 17771498833089752686, levelgen mode: deterministic

11624 Descartes the Destroyer (level 11, -2/54 HPs)
             Began as a Deep Elf Air Elementalist on Apr 26, 2020.
             Was an Elder of Vehumet.
             Slain by a 12-headed hydra (5 damage)
             ... on level 10 of the Dungeon.
             The game lasted 00:52:09 (19296 turns).

Descartes the Destroyer (DEAE)                     Turns: 19296, Time: 00:52:10

Health: -2/54      AC: 15    Str:  5    XL:     11   Next: 51%
Magic:  23/33      EV: 12    Int: 33    God:    Vehumet [****..]
Gold:   990        SH:  9    Dex: 15    Spells: 5/25 levels left

rFire    . . .     SeeInvis .   F - +0 long sword
rCold    . . .     Gourm    .   v - +0 buckler
rNeg     . . .     Faith    .   o - +5 ring mail "Faoph" {Int+9}
rPois    +         Spirit   .   u - +1 helmet
rElec    .         Reflect  .   (no cloak)
rCorr    .         Harm     .   U - +0 pair of gloves
MR       +....                  (no boots)
Stlth    +++.......             I - amulet of magic regeneration
HPRegen  0.18/turn              e - ring of magical power
MPRegen  0.48/turn              m - ring of poison resistance

@: very slightly contaminated, invisible
A: repulsion field 1, icy blue scales 1, large bone plates 1, MP-powered wands
a: Renounce Religion


You were on level 10 of the Dungeon.
You worshipped Vehumet.
Vehumet was greatly pleased with you.
You were not hungry.

You visited 3 branches of the dungeon, and saw 14 of its levels.
You also visited: Ossuary and Bailey.

You collected 990 gold pieces.

Inventory:

Hand Weapons
 n - a +1 dagger
 F - a +0 long sword (weapon)
Missiles
 f - 357 stones (quivered)
 g - 9 javelins
 p - 183 arrows
 q - 4 throwing nets
 y - 52 poisoned darts
 H - 39 boomerangs
Armour
 l - +0 ice dragon scales
 o - the +5 ring mail "Faoph" (worn) {Int+9}
   (You found it on level 4 of the Dungeon)

   It affects your intelligence (+9).
 u - a +1 helmet (worn)
 v - a +0 buckler (worn)
 K - a +2 scale mail of cold resistance
 R - a +2 leather armour of cold resistance
 U - a +0 pair of gloves (worn)
Magical Staves
 V - an uncursed staff of cold {unknown}
Jewellery
 e - a ring of magical power (left hand)
 m - a ring of poison resistance (right hand)
 I - an amulet of magic regeneration (around neck)
Wands
 C - a wand of acid (7)
 G - a wand of random effects (23)
 Q - a wand of iceblast (9)
Scrolls
 b - 6 scrolls of teleportation
 i - a scroll of enchant armour
 k - 2 scrolls of fear
 r - 6 scrolls of remove curse
 w - 2 scrolls of amnesia
 B - 5 scrolls of enchant weapon
 E - a scroll of fog {unknown}
 M - a scroll of noise
 N - 2 scrolls of magic mapping {unknown}
 O - a scroll of brand weapon {unknown}
 P - a scroll of silence {unknown}
 S - 2 scrolls of immolation {unknown}
 T - a scroll of identify
 W - a scroll of blinking {unknown}
Potions
 a - 2 potions of brilliance
 d - 8 potions of curing
 h - 2 potions of flight
 j - 2 potions of agility
 s - 2 potions of lignification {unknown}
 t - 2 potions of mutation
 x - a potion of invisibility
 z - 2 potions of haste {unknown}
 A - 3 potions of berserk rage
 D - a potion of cancellation {unknown}
 L - a potion of heal wounds {unknown}
Miscellaneous
 J - a crystal ball of energy
Comestibles
 c - 11 rations
 X - 4 chunks of flesh


   Skills:
 - Level 3.0 Armour
 - Level 2.4 Dodging
 + Level 8.5 Stealth
 - Level 4.0 Shields
 + Level 7.6 Spellcasting
 * Level 9.7 Conjurations
 - Level 6.0 Translocations
 - Level 4.0 Ice Magic
 * Level 9.5 Air Magic
 - Level 4.0 Earth Magic
 - Level 4.0 Poison Magic


You had 5 spell levels left.
You knew the following spells:

 Your Spells              Type           Power        Failure   Level  Hunger
a - Shock                 Conj/Air       ####         1%          1    None
b - Airstrike             Air            ######....   1%          4    None
c - Static Discharge      Conj/Air       ######..     1%          3    None
d - Blink                 Tloc           N/A          1%          2    None
e - Mephitic Cloud        Conj/Pois/Air  ######..     1%          3    None
f - Sandblast             Erth           #####.       1%          1    None
g - Throw Frost           Conj/Ice       ######       1%          2    None
h - Freeze                Ice            ####         1%          1    None
i - Ignite Poison         Fire/Tmut/Pois ###.....     7%          3    None

Your spell library contained the following spells:

 Spells                   Type           Power        Failure   Level  Hunger
 Venom Bolt               Conj/Pois      ######....   7%          5    ####...
 Magic Dart               Conj           ####         1%          1    None
 Conjure Flame            Conj/Fire      #####...     1%          3    None
 Throw Icicle             Conj/Ice       ######..     2%          4    None
 Lightning Bolt           Conj/Air       ######....   2%          5    ####...
 Swiftness                Chrm/Air       #####...     3%          2    None
 Animate Skeleton         Necr           N/A          16%         1    None
 Pain                     Necr           ##..         16%         1    None
 Ozocubu's Armour         Chrm/Ice       ####....     21%         3    None
 Call Imp                 Summ           ##......     24%         2    None
 Slow                     Hex            ##......     24%         2    None
 Regeneration             Chrm/Necr      ##........   43%         3    None
 Vampiric Draining        Necr           ##........   43%         3    None
 Summon Ice Beast         Ice/Summ       ####....     56%         4    None
 Animate Dead             Necr           N/A          83%         4    None


Dungeon Overview and Level Annotations

Branches:
Dungeon (11/15)            Temple (0/1) D:5            Lair (2/6) D:10
    Orc (1/2) D:10        Ossuary (visited)          Bailey (visited)
  Swamp: Lair:2-4    Shoals: Lair:2-4     Snake: Lair:2-4    Spider: Lair:2-4

Altars:
Ashenzari
Dithmenos
Elyvilon
Hepliaklqana
Qazlal
Vehumet

Annotations:
D:10 korppi's ghost, journeyman DsWn
D:11 Erica


Innate Abilities, Weirdness & Mutations

You are surrounded by a mild repulsion field. (EV +2)
You are partially covered in icy blue scales. (AC +2)
You are partially covered in large bone plates. (SH +4)
You expend magic power (3 MP) to strengthen your wands.


Message History

There is an open door here.
Casting: Airstrike (safe; 1% risk of failure)
Confirm with . or Enter, or press ? or * to list all spells.
The 12-headed hydra is struck by an arc of lightning.
The 12-headed hydra is severely wounded.
You are struck by an arc of lightning.
The 12-headed hydra is struck by an arc of lightning.
The 12-headed hydra is severely wounded.
Korppi's ghost is struck by an arc of lightning.
Korppi's ghost is lightly damaged.
The lightning grounds out.
You block the 12-headed hydra's attack. The 12-headed hydra bites you!
The 12-headed hydra closely misses you. The 12-headed hydra bites you.
You block the 12-headed hydra's attack. x2
The 12-headed hydra bites you!
* * * LOW HITPOINT WARNING * * *
The 12-headed hydra bites you but does no damage. x2
The 12-headed hydra bites you!
* * * LOW HITPOINT WARNING * * *
The 12-headed hydra bites you.
You die...

.....#####'############..........
###..#......##...##♣≈.##.##......
.....#......##..##≈?..♣##=.......
.....#..######..#♣./...♣#........
.....#..#....#..#♣..)..♣######...
.....####..#.#..#....."♣#....#...
.....#..#..#.#..##.....##....#...
.....#..#....#..###'''##.....#...
.....#..#....#..@............#...
.....#..#..#.#..#D.....#.....#...
###..##'#....#..#W.....#...[.#...
.............#..#......#.....'...
.......#.#'###'##......#.....#...
.......#.#..#..........#.....#...
.........#..#..........#.....#...
.........#..#..........#.....#...
.#...#####..#.##.#######.....#...


You could see a 12-headed hydra and korppi's ghost.

Vanquished Creatures
  Harold (D:10)
  A two-headed ogre (D:10)
  Nergalle (D:10)
  An orc knight (Bailey)
  Psyche (D:10)
  A spiny frog (Lair:1)
  2 komodo dragons (D:10)
  Grinder (D:6)
  3 blink frogs (Lair:1)
  A wyvern (Lair:2)
  A vampire (D:10)
  6 yaks
  Grum (D:8)
  2 hungry ghosts
  2 porcupines
  3 water moccasins
  Duvessa (D:6)
  9 orc warriors
  2 sky beasts
  An eye of draining (D:8)
  2 ice beasts
  A black bear (D:9)
  2 phantoms
  3 wolves
  5 centaurs
  2 ogres
  2 crocodiles
  A big kobold (D:8)
  2 elf zombies (Ossuary)
  Blork the orc (D:6)
  8 bullfrogs
  A gnoll sergeant (D:9)
  Dowan (D:6)
  3 scorpions
  5 wights (D:10)
  3 crimson imps
  4 centaur zombies
  3 hounds
  2 jellies
  A human zombie (Ossuary)
  7 orc wizards
  6 orc priests
  5 iguanas
  A bullfrog skeleton (D:11)
  6 worker ants
  2 big kobold zombies (Ossuary)
  2 hound zombies
  3 hound skeletons
  2 mummies (Ossuary)
  4 gnolls (D:9)
  12 adders
  2 shadow imps
  2 oozes
  An adder skeleton (D:5)
  A dart slug (D:2)
  4 worms
  4 leopard geckos
  44 orcs
  3 ball pythons
  5 giant cockroaches
  10 goblins
  7 hobgoblins
  15 jackals
  19 kobolds
  4 quokkas
  8 bats
  4 frilled lizards
  10 hobgoblin zombies (Ossuary)
  A jackal skeleton (D:5)
  9 kobold zombies (Ossuary)
  A leopard gecko skeleton (D:6)
  9 orc zombies (Ossuary)
  A quokka skeleton (D:6)
  2 quokka zombies
  7 rats
  2 rat zombies (Ossuary)
318 creatures vanquished.

Vanquished Creatures (others)
  4 plants (D:10)
4 creatures vanquished.

Grand Total: 322 creatures vanquished

Notes
Turn   | Place    | Note
-------+----------+-------------------------------------------
     0 | D:1      | Descartes the Deep Elf Air Elementalist began the quest for
                  | the Orb.
     0 | D:1      | Reached XP level 1. HP: 10/10 MP: 6/6
   131 | D:1      | Reached XP level 2. HP: 15/15 MP: 6/8
  1144 | D:2      | Reached XP level 3. HP: 19/19 MP: 4/9
  1848 | D:2      | Reached XP level 4. HP: 24/24 MP: 11/11
  2899 | D:3      | Reached XP level 5. HP: 28/28 MP: 11/12
  3275 | D:3      | Noticed a phantom
  3288 | D:3      | Killed a phantom
  3411 | D:3      | Learned a level 4 spell: Airstrike
  3415 | D:3      | Learned a level 3 spell: Static Discharge
  3534 | D:3      | Reached XP level 6. HP: 19/32 MP: 14/14
  3737 | D:3      | Learned a level 2 spell: Blink
  3741 | D:3      | Learned a level 3 spell: Mephitic Cloud
  4229 | D:4      | Got a distressingly furry ring mail
  4295 | D:4      | Found a sand-covered staircase.
  4317 | Ossuary  | Entered an ossuary
  4808 | Ossuary  | Reached skill level 1 in Translocations
  4808 | Ossuary  | Reached skill level 5 in Air Magic
  4808 | Ossuary  | Reached skill level 1 in Poison Magic
  5051 | Ossuary  | Reached XP level 7. HP: 28/36 MP: 14/16
  5439 | D:4      | Reached skill level 5 in Spellcasting
  5439 | D:4      | Reached skill level 5 in Conjurations
  5476 | D:4      | Found a shattered altar of Ashenzari.
  5528 | D:4      | Reached skill level 5 in Stealth
  5975 | D:5      | Entered Level 5 of the Dungeon
  6027 | D:5      | Found a radiant altar of Vehumet.
  6048 | D:5      | Became a worshipper of Vehumet
  6370 | D:5      | Identified the +5 ring mail "Faoph" {Int+9} (You found it
                  | on level 4 of the Dungeon)
  6418 | D:5      | Reached XP level 8. HP: 41/41 MP: 17/17
  6757 | D:5      | Found a staircase to the Ecumenical Temple.
  6829 | D:6      | Found a stormy altar of Qazlal.
  7111 | D:6      | Noticed Duvessa
  7117 | D:6      | Killed Duvessa
  7124 | D:6      | Noticed Dowan
  7253 | D:6      | Reached * piety under Vehumet
  7253 | D:6      | Offered knowledge of Sting by Vehumet.
  7285 | D:6      | Noticed Blork the orc
  7294 | D:6      | Killed Blork the orc
  7294 | D:6      | Reached skill level 1 in Armour
  7815 | D:6      | Gained mutation: You expend magic power (3 MP) to
                  | strengthen your wands. [potion of mutation]
  7815 | D:6      | Gained mutation: You are surrounded by a mild repulsion
                  | field. (EV +2) [potion of mutation]
  7815 | D:6      | Gained mutation: You are partially covered in large bone
                  | plates. (SH +4) [potion of mutation]
  7815 | D:6      | Gained mutation: You are partially covered in icy blue
                  | scales. (AC +2) [potion of mutation]
  8004 | D:6      | Killed Dowan
  8259 | D:6      | Noticed Grinder
  8284 | D:6      | Killed Grinder
  8288 | D:6      | Reached XP level 9. HP: 14/45 MP: 8/20
  8614 | D:7      | Found a flagged portal.
  8624 | Bailey   | Entered a bailey
  8918 | Bailey   | Noticed an orc knight
  9035 | Bailey   | Killed an orc knight
  9035 | Bailey   | Reached ** piety under Vehumet
  9035 | Bailey   | Reached skill level 1 in Shields
  9171 | Bailey   | Found an iron altar of Okawaru.
  9375 | D:7      | Offered knowledge of Sandblast by Vehumet.
  9393 | D:7      | Found a hazy altar of Hepliaklqana.
  9548 | D:7      | Learned a level 1 spell: Sandblast
  9551 | D:7      | Learned a level 2 spell: Throw Frost
  9553 | D:7      | Learned a level 1 spell: Freeze
  9693 | D:7      | Found a shadowy altar of Dithmenos.
  9693 | D:7      | Found a white marble altar of Elyvilon.
 10217 | D:8      | Noticed Grum
 10218 | D:8      | Reached skill level 1 in Earth Magic
 10245 | D:7      | Reached skill level 1 in Ice Magic
 10638 | D:8      | Killed Grum
 10719 | D:8      | Reached XP level 10. HP: 38/50 MP: 20/21
 10721 | D:8      | Offered knowledge of Stone Arrow by Vehumet.
 11750 | D:9      | Reached *** piety under Vehumet
 11990 | D:10     | Entered Level 10 of the Dungeon
 11995 | D:10     | Noticed a two-headed ogre
 12109 | D:10     | Identified the ring of Meqem {*Tele Str+3}
 12400 | D:10     | Offered knowledge of Ignite Poison by Vehumet.
 12462 | D:10     | Found a staircase to the Orcish Mines.
 12618 | D:10     | Noticed Nergalle
 12629 | D:10     | Killed Nergalle
 12629 | D:10     | Reached skill level 5 in Translocations
 12822 | D:10     | Found a staircase to the Lair.
 13126 | D:10     | Found a runed translucent gate.
 13127 | D:10     | Found a runed translucent gate.
 13127 | D:10     | Noticed korppi's ghost (journeyman DsWn)
 13128 | D:10     | Found a runed translucent gate.
 13130 | D:10     | Noticed a 12-headed hydra
 13586 | D:10     | Noticed Harold
 13596 | D:10     | Killed Harold
 14074 | Lair:1   | Entered Level 1 of the Lair of Beasts
 14925 | D:10     | Found a staircase to the Orcish Mines.
 14987 | D:10     | Found a staircase to the Lair.
 15069 | D:10     | Found a runed translucent gate.
 15072 | D:10     | Found a runed translucent gate.
 15073 | D:10     | Found a runed translucent gate.
 15575 | Lair:1   | Reached XP level 11. HP: 48/54 MP: 23/23
 16444 | Orc:1    | Entered Level 1 of the Orcish Mines
 16867 | D:10     | Found a staircase to the Orcish Mines.
 17097 | D:10     | Found a staircase to the Lair.
 17349 | D:11     | Noticed Erica
 17656 | D:10     | Found a runed translucent gate.
 17747 | D:11     | Noticed Psyche
 17757 | D:10     | Killed Psyche
 17757 | D:10     | Reached **** piety under Vehumet
 17811 | D:10     | Learned a level 3 spell: Ignite Poison
 17926 | D:10     | Found a runed translucent gate.
 17927 | D:10     | Found a runed translucent gate.
 18129 | D:10     | Killed a two-headed ogre
 18353 | Lair:1   | Offered knowledge of Venom Bolt by Vehumet.
 19296 | D:10     | Slain by a 12-headed hydra

Levels and vault maps discovered:
D:1:      dpeg_arrival_rhombus, layout_basic
D:2:      wad_lake_hut, layout_basic, st_stairs_6, kennysheep_generic_room_12
D:3:      layout_basic, first_ration
D:4:      layout_loops_ring, overflow_temple_1_default, enter_ossuary_1
D:5:      layout_basic, minmay_temple_entry_from_below_a, basic_altar,
          minmay_holes, minmay_misc_feat_cross
D:6:      layout_loops_corners, overflow_temple_1_default,
          hangedman_abyss_or_decor_stagger, uniq_grinder, uniq_blork_the_orc,
          uniq_duvessa
D:7:      layout_loops_ring, lemuel_coloured_pillars_altar,
          gammafunk_temple_overflow_wave, enter_bailey_6
D:8:      layout_gridville, uniq_grum
D:9:      layout_cave_pools
D:10:     layout_stronghold, david_lair_shrubbed, david_orc_2,
          gammafunk_ghost_hydra_chop, uniq_nergalle, uniq_harold
D:11:     layout_rooms, serial_shops, kennysheep_mini_moat, uniq_josephine,
          uniq_erica, uniq_psyche
Lair:1:   layout_cave_pods, cheibrodos_lair_reptile_den
Lair:2:   layout_small_grid, forest_entry_grove
Orc:1:    layout_caves

Skill      XL: |  1  2  3  4  5  6  7  8  9 10 11 |
---------------+----------------------------------+-----
Conjurations   | 2 3 4 5 6 7 8 9 |  9.7
Stealth        | 3 4 5 6 7 8 |  8.5
Air Magic      | 4 5 6 7 8 9 |  9.5
Spellcasting   | 4 5 6 7 |  7.6
Translocations | 1 2 3 4 5 6 |  6.0
Poison Magic   | 1 2 3 4 |  4.0
Armour         | 1 2 3 |  3.0
Shields        | 2 4 |  4.0
Earth Magic    | 1 3 4 |  4.0
Ice Magic      | 1 3 4 |  4.0
Dodging        | |  2.4

Action                   |  1- 3 |  4- 6 |  7- 9 | 10-12 || total
-------------------------+-------+-------+-------+-------++-------
Melee: Unarmed           |     2 |       |       |       ||     2
       Dagger            |       |     1 |       |       ||     1
       Long sword        |       |       |     1 |     1 ||     2
 Cast: Shock             |    67 |   192 |   392 |   355 ||  1006
       Airstrike         |       |       |    29 |    64 ||    93
       Blink             |       |       |    17 |     5 ||    22
       Mephitic Cloud    |       |       |       |     3 ||     3
       Ignite Poison     |       |       |       |     1 ||     1
       Static Discharge  |       |       |       |     1 ||     1
Evoke: Wand              |       |       |       |     1 ||     1
  Use: Scroll            |       |     8 |     5 |     4 ||    17
       Potion            |       |       |     1 |     1 ||     2
 Stab: Sleeping          |       |     1 |       |       ||     1
  Eat: Chunk             |     3 |     7 |    10 |    16 ||    36
       Ration            |       |     1 |     3 |     3 ||     7
Armor: Robe              |     1 |     7 |     7 |       ||    15
       Ring mail         |       |       |    49 |    66 ||   115
Dodge: Dodged            |    15 |    40 |    83 |    93 ||   231
Block: Other             |       |       |    22 |    14 ||    36
       Buckler           |       |       |       |    41 ||    41
       Rpst.: Long sword |       |       |    21 |    30 ||    51
